APP
PRINCETON RAYS @ ELIZABETHTON TWINS
10/14/2046
 
TOP OF THE 1ST
Pulaski Yankees batting - Pitching for Great Falls Voyagers : RHP Dustin LeBlanc
Pitching: RHP Dustin LeBlanc
Batting: RHB Victor Quinones 0-0: Ball
1-0: Foul Ball, location: 2F
1-1: Foul Ball, location: 2F
1-2: Ground out 4-3 (Groundball, 34, EV 101.9 MPH)
Batting: RHB Stephen Charbonneau 0-0: Called Strike
0-1: Ball
1-1: Ball
2-1: Foul Ball, location: 2F
2-2: Foul Ball, location: 2F
2-2: Ball
3-2: Ground out 1-3 (Groundball, 13, EV 70.6 MPH)
Batting: LHB Yao-pang Tien 0-0: Foul Ball, location: 2F
0-1: Ball
1-1: Foul Ball, location: 2F
1-2: Foul Ball, location: 2F
1-2: Ball
2-2: Ground out 3-1 (Groundball, 3S, EV 70.6 MPH)
Top of the 1st over - 0 runs, 0 hits, 0 errors, 0 left on base; Pulaski 0 - Great Falls 0
BOTTOM OF THE 1ST
Great Falls Voyagers batting - Pitching for Pulaski Yankees : RHP Iwao Kishi
Pitching: RHP Iwao Kishi
Batting: RHB C.J. Chandler 0-0: Ball
1-0: Swinging Strike
1-1: Fly out, F8 (Flyball, 8RM, EV 79.4 MPH)
Batting: LHB Luis Flores 0-0: Ball
1-0: Fly out, F8 (Flyball, 8LS, EV 88.8 MPH)
Batting: LHB Adrian Cruz 0-0: Ball
1-0: Swinging Strike
1-1: Ball
2-1: Ball
3-1: Called Strike
3-2: Fly out, F9 (Line Drive, 9, EV 93.8 MPH)
Bottom of the 1st over - 0 runs, 0 hits, 0 errors, 0 left on base; Pulaski 0 - Great Falls 0
TOP OF THE 2ND
Pulaski Yankees batting - Pitching for Great Falls Voyagers : RHP Dustin LeBlanc
Batting: LHB Javier Casas 0-0: Foul Ball, location: 2F
0-1: Swinging Strike
0-2: Foul Ball, location: 2F
0-2: Ball
1-2: Ball
2-2: Foul Ball, location: 2F
2-2: Ball
3-2: Ground out 4-3 (Groundball, 34D, EV 105.0 MPH)
Batting: RHB Bryan Shackelford 0-0: Foul Ball, location: 2F
0-1: Foul Ball, location: 2F
0-2: Ball
1-2: Ball
2-2: Ball
3-2: SINGLE (Groundball, 6MD, EV 100.0 MPH)
Batting: LHB Jelle Meppelink 0-0: Ball
1-0: Called Strike
Bryan Shackelford is caught stealing 2nd base 2-6
1-1: Called Strike
1-2: Ball
2-2: Ball
3-2: Base on Balls
Batting: SHB Ramon Landeros 0-0: Called Strike
0-1: Foul Ball, location: 2F
0-2: Ball
1-2: Ground out 4-3 (Groundball, 4, EV 79.4 MPH)
Top of the 2nd over - 0 runs, 1 hit, 0 errors, 1 left on base; Pulaski 0 - Great Falls 0
BOTTOM OF THE 2ND
Great Falls Voyagers batting - Pitching for Pulaski Yankees : RHP Iwao Kishi
Batting: SHB Eduardo Monzon 0-0: Ball
1-0: Ball
2-0: Called Strike
2-1: Ball
3-1: Base on Balls
Batting: RHB Orlando Blanco 0-0: Ball
1-0: Swinging Strike
1-1: SINGLE (Line Drive, 6MD, EV 102.5 MPH)
Eduardo Monzon to second
Batting: RHB Tim Russell 0-0: Ball
1-0: Ball
2-0: SINGLE (Groundball, 34D, EV 101.3 MPH)
Eduardo Monzon to third
Orlando Blanco to second
Runner from 3rd tries for Home, throw by RF and OUT! 9-2
Batting: RHB Dustin Dulski 0-0: Ball
1-0: Called Strike
1-1: Called Strike
1-2: Fly out, F9 (Flyball, 9, EV 98.1 MPH)
Batting: RHB Brian Harris 0-0: Called Strike
0-1: Fielders Choice at 2nd, 5-4 (Groundball, 5, EV 86.3 MPH)
Bottom of the 2nd over - 0 runs, 2 hits, 0 errors, 2 left on base; Pulaski 0 - Great Falls 0
TOP OF THE 3RD
Pulaski Yankees batting - Pitching for Great Falls Voyagers : RHP Dustin LeBlanc
Batting: RHB Miguel Leal 0-0: Called Strike
0-1: Ball
1-1: Fly out, F7 (Line Drive, 7S, EV 99.4 MPH)
Batting: RHB David Rodriquez 0-0: Ball
1-0: Ball
2-0: Hit by Pitch
Batting: RHB Victor Quinones 0-0: Called Strike
0-1: Ball
1-1: Ground out 5-3 (Groundball, 56S, EV 74.4 MPH)
David Rodriquez to second
Batting: RHB Stephen Charbonneau 0-0: Ball
1-0: SINGLE (Flyball, 9S, EV 95.6 MPH)
David Rodriquez to third
Batting: LHB Yao-pang Tien 0-0: Ball
Stephen Charbonneau steals 2nd base (no throw)
1-0: Ball
2-0: Ball
3-0: Called Strike
3-1: Called Strike
3-2: Foul Ball, location: 2F
3-2: SINGLE (Groundball, 13, EV 62.5 MPH) (infield hit)
David Rodriquez scores
Stephen Charbonneau to third
Batting: LHB Javier Casas Pickoff Throw to First - Error! E1
Stephen Charbonneau scores
Yao-pang Tien to second
0-0: Ball
1-0: Called Strike
1-1: Foul Ball, location: 2F
1-2: Ball
2-2: Ball
3-2: Ground out 4-3 (Groundball, 34, EV 84.4 MPH)
Top of the 3rd over - 2 runs, 2 hits, 1 error, 1 left on base; Pulaski 2 - Great Falls 0
BOTTOM OF THE 3RD
Great Falls Voyagers batting - Pitching for Pulaski Yankees : RHP Iwao Kishi
Batting: RHB Brian Marut 0-0: Ball
1-0: Called Strike
1-1: Ball
2-1: Ball
3-1: Swinging Strike
3-2: SINGLE (Groundball, 34D, EV 108.1 MPH)
Batting: RHB C.J. Chandler 0-0: Ball
1-0: Ball
2-0: Ball
3-0: Called Strike
3-1: Base on Balls
Brian Marut to second
Batting: LHB Luis Flores 0-0: Ball
1-0: Foul Ball, location: 2F
1-1: Ball
2-1: Fielders Choice at 2nd, 6-4 (Groundball, 6M, EV 103.1 MPH)
Brian Marut to third
Batting: LHB Adrian Cruz 0-0: Ball
1-0: Ball
2-0: Swinging Strike
2-1: Ball
3-1: Foul Ball, location: 2F
3-2: Base on Balls
Luis Flores to second
Batting: SHB Eduardo Monzon 0-0: Called Strike
0-1: Ball
1-1: Foul Ball, location: 2F
1-2: Ball
2-2: Fielders Choice at 2nd, 3-6 (Groundball, 34, EV 87.5 MPH)
Brian Marut scores
Luis Flores to third
Batting: RHB Orlando Blanco 0-0: Called Strike
0-1: Swinging Strike
0-2: Fly out, F4 (Line Drive, 4, EV 68.1 MPH)
Bottom of the 3rd over - 1 run, 1 hit, 0 errors, 2 left on base; Pulaski 2 - Great Falls 1
TOP OF THE 4TH
Pulaski Yankees batting - Pitching for Great Falls Voyagers : RHP Dustin LeBlanc
Batting: RHB Bryan Shackelford 0-0: Called Strike
0-1: Ball
1-1: Foul Ball, location: 2F
1-2: Ball
2-2: Foul Ball, location: 2F
2-2: Ball
3-2: Fly out, F9 (Flyball, 9S, EV 73.8 MPH)
Batting: LHB Jelle Meppelink 0-0: Foul Ball, location: 2F
0-1: Foul Ball, location: 2F
0-2: SINGLE (Groundball, 4M, EV 108.1 MPH) (infield hit)
Batting: SHB Ramon Landeros 0-0: Ball
1-0: Fielders Choice at 2nd, 1-6 (Groundball, 23, EV 80.6 MPH)
Batting: RHB Miguel Leal 0-0: Ground out 5-3 (Groundball, 56S, EV 88.8 MPH)
Top of the 4th over - 0 runs, 1 hit, 0 errors, 1 left on base; Pulaski 2 - Great Falls 1
BOTTOM OF THE 4TH
Great Falls Voyagers batting - Pitching for Pulaski Yankees : RHP Iwao Kishi
Batting: RHB Tim Russell 0-0: Called Strike
0-1: SOLO HOME RUN (Flyball, 78XD, EV 91.9 MPH), Distance : 407 ft
Batting: RHB Dustin Dulski 0-0: Ball
1-0: Ground out 6-3 (Groundball, 6, EV 90.6 MPH)
Pitching: LHP Eric Blais
Batting: RHB Brian Harris 0-0: Bunt missed!
0-1: Ball
1-1: Ball
2-1: Foul Ball, location: 2F
2-2: Strikes out swinging
Batting: RHB Brian Marut 0-0: Ground out 4-3 (Groundball, 34, EV 103.1 MPH)
Bottom of the 4th over - 1 run, 1 hit, 0 errors, 0 left on base; Pulaski 2 - Great Falls 2
TOP OF THE 5TH
Pulaski Yankees batting - Pitching for Great Falls Voyagers : RHP Dustin LeBlanc
Batting: RHB David Rodriquez 0-0: Ball
1-0: Called Strike
1-1: Swinging Strike
1-2: Ball
2-2: SINGLE (Flyball, 7S, EV 89.4 MPH)
Batting: RHB Victor Quinones 0-0: Foul Ball, location: 2F
0-1: Ball
Wild Pitch!
David Rodriquez to second
1-1: Foul Ball, location: 2F
1-2: Foul Ball, location: 2F
1-2: Foul Ball, location: 2F
1-2: SINGLE (Groundball, 56D, EV 98.1 MPH)
David Rodriquez to third
Batting: RHB Stephen Charbonneau 0-0: Called Strike
0-1: Ball
1-1: Ball
2-1: Ball
3-1: Called Strike
3-2: Ground out 3-1 (Groundball, 34, EV 104.4 MPH)
David Rodriquez scores
Victor Quinones to second
Batting: LHB Yao-pang Tien 0-0: Ball
Wild Pitch!
Victor Quinones to third
1-0: Called Strike
1-1: Called Strike
1-2: Ball
2-2: Ball
3-2: Base on Balls
Pitching: LHP Mario Negrete
Batting: LHB Javier Casas 0-0: Ball
1-0: Fly out, F8 (Flyball, 8LM, EV 79.4 MPH)
Runner from 3rd tags up, SCORES, no throw by CF
Batting: RHB Bryan Shackelford 0-0: Called Strike
0-1: Ball
1-1: Ball
2-1: Foul Ball, location: 2F
2-2: Foul Ball, location: 2F
2-2: Ball
3-2: Foul Ball, location: 2F
3-2: Fly out, F9 (Flyball, 9S, EV 81.9 MPH)
Top of the 5th over - 2 runs, 2 hits, 0 errors, 1 left on base; Pulaski 4 - Great Falls 2
BOTTOM OF THE 5TH
Great Falls Voyagers batting - Pitching for Pulaski Yankees : LHP Eric Blais
Batting: RHB C.J. Chandler 0-0: Called Strike
0-1: Ball
1-1: Ball
2-1: Ball
3-1: Called Strike
3-2: Fly out, F7 (Flyball, 7, EV 87.5 MPH)
Batting: LHB Luis Flores 0-0: Ball
1-0: Ball
2-0: Ball
3-0: Base on Balls
Batting: LHB Adrian Cruz 0-0: Ball
Passed Ball!
Luis Flores to second
1-0: Called Strike
1-1: Fly out, F6 (Popup, 15, EV 85.0 MPH)
Batting: SHB Eduardo Monzon 0-0: Ball
1-0: Ground out 6-3 (Groundball, 6, EV 85.0 MPH)
Bottom of the 5th over - 0 runs, 0 hits, 0 errors, 1 left on base; Pulaski 4 - Great Falls 2
TOP OF THE 6TH
Pulaski Yankees batting - Pitching for Great Falls Voyagers : LHP Mario Negrete
Batting: LHB Jelle Meppelink 0-0: Ball
1-0: Foul Ball, location: 2F
1-1: Ball
2-1: Called Strike
2-2: Fly out, F6 (Popup, 6D, EV 56.3 MPH)
Batting: SHB Ramon Landeros 0-0: Called Strike
0-1: Ball
1-1: Ball
2-1: Swinging Strike
2-2: Foul Ball, location: 2F
2-2: SINGLE (Groundball, 6MD, EV 99.4 MPH)
Batting: RHB Miguel Leal 0-0: Called Strike
0-1: Foul Ball, location: 2F
0-2: Fly out, F9 (Flyball, 9D, EV 89.4 MPH)
Batting: RHB David Rodriquez 0-0: Ball
1-0: Ball
2-0: SINGLE (Groundball, 6D, EV 110.0 MPH)
Ramon Landeros to second
Batting: RHB Victor Quinones 0-0: Swinging Strike
0-1: Foul Ball, location: 2F
0-2: Foul Ball, location: 2F
0-2: Ball
1-2: Foul Ball, location: 2F
1-2: Ball
2-2: Ball
3-2: DOUBLE (Line Drive, 78XD, EV 106.9 MPH)
Ramon Landeros scores
David Rodriquez to third
David Rodriquez scores
Batting: RHB Stephen Charbonneau 0-0: Ball
1-0: SINGLE (Groundball, 4D, EV 94.4 MPH)
Victor Quinones to third
Runner from 3rd tries for Home, SAFE, throw by CF to home
Pitching: RHP Tom Phipps
Batting: LHB Yao-pang Tien 0-0: Ball
1-0: Called Strike
1-1: Foul Ball, location: 2F
1-2: Ball
2-2: Fly out, F8 (Flyball, 8LM, EV 75.0 MPH)
Top of the 6th over - 3 runs, 4 hits, 0 errors, 1 left on base; Pulaski 7 - Great Falls 2
BOTTOM OF THE 6TH
Great Falls Voyagers batting - Pitching for Pulaski Yankees : LHP Eric Blais
Batting: RHB Orlando Blanco 0-0: Called Strike
0-1: Ball
1-1: Foul Ball, location: 2F
1-2: Strikes out swinging
Batting: RHB Tim Russell 0-0: Swinging Strike
0-1: Ball
1-1: Called Strike
1-2: Ball
2-2: Foul Ball, location: 2F
2-2: Ground out 5-3 (Groundball, 56S, EV 88.8 MPH)
Batting: RHB Dustin Dulski 0-0: Ball
1-0: Called Strike
1-1: Ground out 5-3 (Groundball, 56, EV 84.4 MPH)
Bottom of the 6th over - 0 runs, 0 hits, 0 errors, 0 left on base; Pulaski 7 - Great Falls 2
TOP OF THE 7TH
Pulaski Yankees batting - Pitching for Great Falls Voyagers : RHP Tom Phipps
Batting: LHB Javier Casas 0-0: Ball
1-0: Called Strike
1-1: Ball
2-1: Foul Ball, location: 2F
2-2: Strikes out swinging
Batting: RHB Bryan Shackelford 0-0: Ball
1-0: Ground out 5-3 (Groundball, 56, EV 101.3 MPH)
Batting: LHB Jelle Meppelink 0-0: Ball
1-0: Ball
2-0: Called Strike
2-1: Ball
3-1: Base on Balls
Batting: SHB Ramon Landeros 0-0: Ball
1-0: Foul Ball, location: 2F
1-1: Ball
2-1: Ball
3-1: Swinging Strike
3-2: Base on Balls
Jelle Meppelink to second
Pitching: LHP Mark Boyd
Batting: RHB Miguel Leal 0-0: Fielders Choice at 2nd, 6-4 (Groundball, 6, EV 85.6 MPH)
Top of the 7th over - 0 runs, 0 hits, 0 errors, 2 left on base; Pulaski 7 - Great Falls 2
BOTTOM OF THE 7TH
Great Falls Voyagers batting - Pitching for Pulaski Yankees : LHP Eric Blais
Batting: RHB Brian Harris 0-0: Fly out, F4 (Popup, 4, EV 59.4 MPH)
Batting: RHB Brian Marut 0-0: Ball
1-0: Foul Ball, location: 2F
1-1: Ball
2-1: Foul Ball, location: 2F
2-2: Ball
3-2: Ground out 5-3 (Groundball, 56, EV 106.3 MPH)
Batting: RHB C.J. Chandler 0-0: Ball
1-0: Ball
2-0: Ball
3-0: Called Strike
3-1: Base on Balls
Batting: LHB Luis Flores 0-0: Ball
1-0: Called Strike
1-1: Called Strike
1-2: Ground out U3 (Groundball, 3L, EV 100.6 MPH)
Bottom of the 7th over - 0 runs, 0 hits, 0 errors, 1 left on base; Pulaski 7 - Great Falls 2
TOP OF THE 8TH
Pulaski Yankees batting - Pitching for Great Falls Voyagers : LHP Mark Boyd
Batting: RHB David Rodriquez 0-0: Ball
1-0: Foul Ball, location: 2F
1-1: Ball
2-1: Ground out 5-3 (Groundball, 5S, EV 66.3 MPH)
Batting: RHB Victor Quinones 0-0: Foul Ball, location: 2F
0-1: Called Strike
0-2: Ball
1-2: Strikes out swinging
Batting: RHB Stephen Charbonneau 0-0: Ball
1-0: Called Strike
1-1: SOLO HOME RUN (Flyball, 7D, EV 104.4 MPH), Distance : 387 ft
Batting: LHB Yao-pang Tien 0-0: Ball
1-0: Called Strike
1-1: Ball
2-1: Foul Ball, location: 2F
2-2: Foul Ball, location: 2F
2-2: Ball
3-2: Ground out 3-1 (Groundball, 34, EV 77.5 MPH)
Top of the 8th over - 1 run, 1 hit, 0 errors, 0 left on base; Pulaski 8 - Great Falls 2
BOTTOM OF THE 8TH
Great Falls Voyagers batting - Pitching for Pulaski Yankees : LHP Eric Blais
Batting: LHB Adrian Cruz 0-0: Called Strike
0-1: Ball
1-1: Foul Ball, location: 2F
1-2: Ball
2-2: SINGLE (Line Drive, 6MD, EV 94.4 MPH)
Batting: SHB Eduardo Monzon 0-0: Ball
Wild Pitch!
Adrian Cruz to second
1-0: Ball
2-0: Ball
3-0: Base on Balls
Batting: RHB Orlando Blanco 0-0: SINGLE (Flyball, 89M, EV 89.4 MPH)
Adrian Cruz to third
Eduardo Monzon to second
Batting: RHB Tim Russell 0-0: Called Strike
0-1: Ball
1-1: SINGLE (Line Drive, 7S, EV 85.0 MPH)
Adrian Cruz scores
Eduardo Monzon to third
Orlando Blanco to second
Pitching: LHP Zack Berney
Batting: RHB Dustin Dulski 0-0: Ball
1-0: Ball
2-0: Ball
3-0: Base on Balls
Eduardo Monzon scores
Orlando Blanco to third
Tim Russell to second
Batting: RHB Brian Harris 0-0: Ball
1-0: Swinging Strike
1-1: Ball
Wild Pitch!
Orlando Blanco scores
Tim Russell to third
Dustin Dulski to second
2-1: Ball
3-1: Base on Balls
Batting: RHB Brian Marut 0-0: Ball
1-0: SINGLE (Groundball, 56D, EV 108.1 MPH)
Tim Russell scores
Dustin Dulski to third
Brian Harris to second
Batting: RHB C.J. Chandler 0-0: Ball
1-0: Ball
2-0: Ball
3-0: Called Strike
3-1: Base on Balls
Dustin Dulski scores
Brian Harris to third
Brian Marut to second
Batting: LHB Luis Flores 0-0: Foul Ball, location: 2F
0-1: Ball
1-1: Ball
2-1: Foul Ball, location: 2F
2-2: Ball
3-2: Foul Ball, location: 2F
3-2: Fly out, F3 (Popup, 3SF, EV 82.5 MPH)
Batting: LHB Adrian Cruz 0-0: Called Strike
0-1: SINGLE (Groundball, 56D, EV 108.1 MPH)
Brian Harris scores
Brian Marut to third
C.J. Chandler to second
Runner from 3rd tries for Home, SAFE, throw by LF to home
Batting: SHB Eduardo Monzon 0-0: Called Strike
0-1: Ball
1-1: Ball
2-1: Ball
3-1: Foul Ball, location: 2F
3-2: Foul Ball, location: 2F
3-2: Base on Balls
C.J. Chandler to third
Adrian Cruz to second
Batting: RHB Orlando Blanco 0-0: Fly out, F8 (Flyball, 8RD, EV 85.0 MPH)
Runner from 3rd tags up, OUT at HOME! 8-2
Bottom of the 8th over - 7 runs, 5 hits, 0 errors, 2 left on base; Pulaski 8 - Great Falls 9
TOP OF THE 9TH
Pulaski Yankees batting - Pitching for Great Falls Voyagers : LHP Mark Boyd
Pitching: RHP Elias Rojas
Batting: LHB Javier Casas 0-0: Called Strike
0-1: Ball
1-1: Swinging Strike
1-2: Ball
2-2: Ball
3-2: Foul Ball, location: 2F
3-2: Foul Ball, location: 2F
3-2: Strikes out swinging
Batting: RHB Bryan Shackelford 0-0: Ball
1-0: Ball
2-0: Ball
3-0: Base on Balls
Batting: LHB Jelle Meppelink 0-0: Foul Ball, location: 2F
0-1: Ball
1-1: Ball
2-1: Ball
3-1: Base on Balls
Bryan Shackelford to second
Pinch Hitting: LHB Aaron Caron 0-0: Called Strike
0-1: Called Strike
0-2: Ball
1-2: Foul Ball, location: 2F
1-2: Ball
2-2: Ball
3-2: 3-RUN HOME RUN (Flyball, 89XD, EV 105.0 MPH), Distance : 421 ft
Pitching: RHP Javon Walker
Batting: RHB Miguel Leal 0-0: Ball
1-0: Ball
2-0: Ball
3-0: Base on Balls
Batting: RHB David Rodriquez 0-0: Ball
1-0: Ball
2-0: Ball
3-0: Base on Balls
Miguel Leal to second
Batting: RHB Victor Quinones 0-0: Foul Ball, location: 2F
0-1: Ball
1-1: Ball
2-1: Swinging Strike
2-2: Strikes out swinging
Batting: RHB Stephen Charbonneau 0-0: Called Strike
0-1: Ground out 5-3 (Groundball, 56S, EV 72.5 MPH)
Top of the 9th over - 3 runs, 1 hit, 0 errors, 2 left on base; Pulaski 11 - Great Falls 9
BOTTOM OF THE 9TH
Great Falls Voyagers batting - Pitching for Pulaski Yankees : LHP Zack Berney
Now at 1B: Fernando Cruz
Now at 3B: Raul Bueno
Batting: RHB Tim Russell 0-0: Ball
1-0: Ball
2-0: Ball
3-0: Called Strike
3-1: Called Strike
3-2: Fly out, F9 (Flyball, 9S, EV 82.5 MPH)
Batting: RHB Dustin Dulski 0-0: Called Strike
0-1: Ball
1-1: Ball
2-1: Foul Ball, location: 2F
2-2: Ball
3-2: Base on Balls
Pinch Hitting: RHB David Torres 0-0: Ball
Wild Pitch!
Dustin Dulski to second
1-0: Ball
2-0: Ball
3-0: Called Strike
3-1: Ground out U3 (Groundball, 3L, EV 85.0 MPH)
Dustin Dulski to third
Pinch Hitting: RHB Bobby Trosclair 0-0: Ball
1-0: Ball
2-0: Called Strike
2-1: Foul Ball, location: 2F
2-2: Ball
3-2: Foul Ball, location: 2F
3-2: Foul Ball, location: 2F
3-2: Ground out 1-3 (Groundball, 13, EV 71.9 MPH)
Bottom of the 9th over - 0 runs, 0 hits, 0 errors, 1 left on base; Pulaski 11 - Great Falls 9
Tuesday, September 13th , 2022 - OOTP Baseball 23.7 Build 88